Map: Odyssey LE

Players

Yata

  • Race: Zerg Zerg
  • League: Bronze
  • Spawn Location: 5:00

A.I. 1 (Harder) - Winner!

  • Race: Protoss Protoss
  • Spawn Location: 11:00

VOD

Have the link to the VOD?

Description

Time

  • Played on: July 20, 2017, 2:46 p.m.
  • Length: 10:42
Show
View Real Time Build Order
Export as new Build Order

Yata Zerg 

Build Orders: Hatch First 

Get SALT Encoding   

  12  0:07  Drone  
  13  0:15  Overlord  
  13  0:19  Drone  
  14  0:35  Drone x2  
  16  0:40  Drone  
  17  1:02  Hatchery  
  16  1:05  Drone  
  16  1:06  Drone  
  18  1:19  Extractor  
  18  1:24  Spawning Pool  
  18  1:25  Drone x2  
  18  1:43  Drone  
  18  1:44  Overlord  
  19  1:59  Drone  
  20  2:08  Drone  
  21  2:15  Drone, Queen  
  22  2:16  Queen  
  26  2:25  Zergling x4  
  26  2:27  Metabolic Boost  
  28  2:33  Drone  
  29  2:43  Drone x2  
  31  3:05  Queen  
  32  3:34  Drone  
  32  3:35  Drone x3  
  32  3:38  Overlord  
  32  3:39  Overlord x2  
  36  3:57  Overlord x2  
  36  3:59  Drone x2  
  36  4:00  Drone x2  
  40  4:20  Zergling x2  
  40  4:21  Zergling x2, Hatchery  
  41  4:29  Lair  
  41  4:36  Zergling x2  
  41  4:37  Zergling x20  
  52  4:48  Evolution Chamber  
  52  4:49  Extractor  
  50  4:59  Drone x2  
  54  5:00  Drone x2  
  54  5:22  Drone  
  54  5:23  Drone x5  
  60  5:50  Roach Warren  
  59  6:04  Pneumatized Carapace  
  59  6:09  Zerg Missile Weapons Level 1  
  54  6:33  Drone x11  
  59  6:53  Roach x4  
  66  7:03  Overlord x4  
  66  7:23  Roach  
  66  7:24  Roach x9  
  72  8:04  Roach  
  72  8:05  Roach x5  
  84  8:10  Drone x2  
  84  8:11  Drone  
  87  8:25  Glial Reconstitution  
  87  8:28  Hatchery  
  86  8:35  Queen  
  76  9:21  Roach x6  
  84  9:50  Drone  
  84  9:51  Drone x11  
Show
View Real Time Build Order
Export as new Build Order

A.I. 1 (Harder) Protoss - Winner!

Build Orders:  

Get SALT Encoding   

  12  0:01  Probe (Chrono Boost)  
  13  0:11  Probe (Chrono Boost)  
  14  0:19  Pylon  
  14  0:22  Probe (Chrono Boost)  
  15  0:37  Probe (Chrono Boost)  
  15  0:40  Gateway  
  16  0:47  Assimilator  
  16  0:48  Probe (Chrono Boost)  
  17  0:58  Probe (Chrono Boost)  
  17  1:00  Pylon  
  18  1:09  Probe (Chrono Boost)  
  19  1:22  Probe (Chrono Boost)  
  19  1:24  Zealot  
  20  1:30  Cybernetics Core  
  22  1:42  Gateway  
  22  1:47  Assimilator  
  22  1:48  Zealot  
  24  2:00  Pylon  
  24  2:13  Zealot  
  26  2:28  Adept  
  28  2:35  Warp Gate  
  28  2:37  Pylon  
  28  2:39  Zealot  
  30  2:53  Zealot  
  32  3:04  Zealot  
  34  3:18  Stalker  
  36  3:30  Pylon, Stalker  
  38  3:47  Stalker  
  39  3:49  Probe (Chrono Boost)  
  41  3:59  Pylon, Stalker  
  41  4:00  Probe (Chrono Boost)  
  44  4:12  Probe (Chrono Boost)  
  44  4:17  Zealot  
  45  4:19  Forge  
  45  4:24  Probe (Chrono Boost)  
  48  4:27  Zealot  
  50  4:35  Probe (Chrono Boost)  
  51  4:47  Probe (Chrono Boost)  
  51  4:51  Adept  
  54  5:25  Probe (Chrono Boost)  
  54  6:23  Protoss Ground Weapons Level 1  
  54  6:28  Adept  
  54  6:31  Gateway  
  54  6:32  Twilight Council  
  56  6:34  Pylon  
  56  6:35  Sentry  
  56  6:37  Nexus  
  51  6:47  Adept  
  51  6:50  Photon Cannon, Probe (Chrono Boost)  
  53  6:54  Photon Cannon  
  53  6:57  Robotics Facility, Adept  
  56  7:02  Probe (Chrono Boost)  
  56  7:04  Charge  
  56  7:06  Sentry  
  58  7:13  Probe (Chrono Boost)  
  59  7:17  Stalker  
  61  7:25  Probe (Chrono Boost)  
  61  7:26  Adept  
  61  7:28  Pylon  
  65  7:38  Probe (Chrono Boost)  
  65  7:41  Stalker  
  63  7:49  Probe (Chrono Boost)  
  63  7:51  Probe (Chrono Boost)  
  63  8:00  Probe (Chrono Boost)  
  63  8:02  Probe (Chrono Boost)  
  65  8:09  Protoss Ground Armor Level 1  
  65  8:10  Observer  
  65  8:12  Probe (Chrono Boost)  
  67  8:15  Probe (Chrono Boost)  
  68  8:24  Probe (Chrono Boost)  
  68  8:25  Pylon  
  68  8:26  Probe (Chrono Boost)  
  70  8:30  Observer  
  71  8:35  Pylon, Probe (Chrono Boost)  
  71  8:36  Blink  
  71  8:38  Probe (Chrono Boost)  
  73  8:46  Probe (Chrono Boost)  
  73  8:49  Stargate, Probe (Chrono Boost)  
  74  8:57  Photon Cannon  
  74  8:58  Probe (Chrono Boost)  
  74  9:01  Probe (Chrono Boost)  
  76  9:08  Photon Cannon  
  76  9:09  Probe (Chrono Boost)  
  67  9:10  Zealot  
  67  9:14  Probe (Chrono Boost)  
  66  9:18  Zealot  
  66  9:21  Probe (Chrono Boost)  
  67  9:25  Adept, Probe (Chrono Boost)  
  70  9:32  Adept  
  72  9:39  Adept  
  72  9:40  Forge  
  74  10:19  Sentry  
  76  10:22  Assimilator  
  76  10:26  Gateway  
  76  10:28  Zealot  
  78  10:30  Robotics Facility  
  78  10:35  Stargate  
  78  10:36  Nexus  
Tags
 
League
Bronze
Matchup
PvZ
Replay Pack
Pack 1
Spawn Locations
Cross Positions
Add a new tag
Caveats
  • Supply blocks, unpowered buildings, or Contaminate may cause inaccurate times.
  • Supply counts are checked every 10 seconds.